 Seeded DCSS version 0.31-a0-544-gceb718ecc6 (webtiles) character file.

Game seed: 3826825538972431165 (custom seed)

4531 innerfire43 the Cutter (level 10, -7/76 HPs)
             Began as a Demonspawn Monk on Aug 15, 2023.
             Was an Elder of Qazlal.
             Mangled by an ogre
             ... wielding a +0 giant club
              (31 damage)
             ... on level 7 of the Dungeon.
             The game lasted 00:07:03 (4444 turns).

innerfire43 the Cutter (Demonspawn Monk)            Turns: 4444, Time: 00:07:04

Health: -7/76      AC:  9    Str: 11    XL:     10   Next: 17%
Magic:  14/14      EV: 16    Int: 12    God:    Qazlal [****..]
Gold:   475        SH:  9    Dex: 20    Spells: 9/9 levels left

rFire   . . .        e - +8 Vampire's Tooth {megavamp}
rCold   . . .        d - orb {light}
rNeg    . . .        b - +0 robe
rPois   .            r - +0 helmet
rElec   .            (no cloak)
rCorr   .            (no gloves)
SInv    .            (no boots)
Will    .....        (no amulet)
Stlth   +            (no ring)
HPRegen 0.32/turn    (no ring)
MPRegen 0.28/turn

%: repel missiles
@: marked, spiked, glowing
A: hooves 1, molten scales 1, icemail 1, magic regeneration, condensation shield
a: Renounce Religion, Upheaval, Elemental Force


You were on level 7 of the Dungeon.
You worshipped Qazlal.
Qazlal was greatly pleased with you.
You visited 1 branch of the dungeon, and saw 7 of its levels.
You also visited: Ossuary.

You collected 475 gold pieces.

Inventory:

Hand Weapons
 a - a +0 spear
 e - the +8 Vampire's Tooth (weapon) {megavamp}
   (You acquired it on level 1 of the Dungeon)
 K - the +5 spear of Immorality {flame, *Noise rF++ Int+4}
   (You took it off a gnoll on level 5 of the Dungeon)

   Int+4:     It affects your intelligence (+4).
   rF++:      It greatly protects you from fire.
   *Noise:    It may make a loud noise when swung.
 R - a +1 halberd of flaming
Missiles
 u - 2 boomerangs
 O - a throwing net
Armour
 b - a +0 robe (worn)
 d - an orb of light (worn)
 r - a +0 helmet (worn)
Jewellery
 q - a ring of protection from cold
 v - a ring of see invisible
 I - a +6 ring of strength
 P - a ring of willpower
Talismans
 N - a blade talisman
Wands
 D - a wand of polymorph (21)
 Q - a wand of charming (10)
Scrolls
 f - 2 scrolls of vulnerability {unknown}
 g - a scroll of amnesia {unknown}
 h - 2 scrolls of brand weapon {unknown}
 j - 5 scrolls of identify {unknown}
 k - 7 scrolls of noise
 o - a scroll of torment {unknown}
 s - 2 scrolls of enchant armour {unknown}
 x - a scroll of fog {unknown}
 y - 2 scrolls of enchant weapon {unknown}
 A - a scroll of blinking {unknown}
 B - a scroll of fear {unknown}
 C - a scroll of teleportation {unknown}
 G - 2 scrolls of poison {unknown}
 J - a scroll of immolation {unknown}
Potions
 c - a potion of ambrosia
 i - 2 potions of mutation {unknown}
 l - 3 potions of enlightenment {unknown}
 m - 3 potions of curing {unknown}
 n - 3 potions of cancellation {unknown}
 p - 5 potions of brilliance {unknown}
 t - 2 potions of invisibility {unknown}
 w - 2 potions of might {unknown}
 z - 2 potions of haste {unknown}
 E - a potion of lignification {unknown}
 F - 3 potions of attraction {unknown}
 H - a potion of magic {unknown}
 L - a potion of resistance {unknown}
 M - a potion of berserk rage {unknown}


   Skills:
 * Level 6.2 Fighting
 + Level 7.6 Short Blades
 - Level 2.8 Polearms
 + Level 6.8 Armour
 + Level 6.4 Dodging
 * Level 5.9 Invocations


You had 9 spell levels left.
You didn't know any spells.
Your spell library contained the following spells:

 Spells                   Type           Power      Damage    Failure   Level
 Necrotise                Necr           0%         1d4       32%         1
 Vampiric Draining        Necr           0%         2d6       69%         3
 Agony                    Necr           0%         N/A       100%        5


Dungeon Overview and Level Annotations

Branches:
Dungeon (7/15)             Temple (0/1) D:4         Ossuary (visited)

Altars:
Dithmenos
Hepliaklqana
Makhleb
Qazlal
Xom


Innate Abilities, Weirdness & Mutations

You have large cloven feet.
You are partially covered in molten scales. (AC +2)
A meltable icy envelope protects you from harm. (AC +4)
You regenerate magic rapidly.
A meltable shield of frost defends you. (SH +4)


Message History

You puncture the crimson imp! Your kick misses the crimson imp.
You hit the crimson imp.
You kill the crimson imp!
The crimson imp disappears in a puff of smoke!
The gnoll closely misses you.
The gnoll is no longer moving quickly.
The orc warrior is engulfed in freezing vapours.
The orc warrior barely misses you. The gnoll completely misses you.
You block the red devil's attack. The ogre barely misses you.
An ogre comes into view. It is wielding a +0 giant spiked club.
Things that are here:
a +0 spear; a +0 scale mail; a gnoll corpse You completely miss the ogre.
You kick the ogre. You hit the ogre.
You feel better.
You kick the ogre.
The ogre is severely wounded.
The orc warrior is engulfed in freezing vapours.
The orc warrior barely misses you. The gnoll barely misses you.
You block the red devil's attack. The ogre closely misses you.
An orc wizard comes into view. It is wielding a +0 dagger.
An orc priest comes into view. It is wielding a +0 whip.
You hit the ogre but do no damage. You kick the ogre, but do no damage.
You hit the ogre. You kick the ogre, but do no damage.
The ogre is severely wounded.
Your attacks no longer feel as feeble.
The kobold demonologist begins to cast a cantrip, but forgets the words!
The orc warrior is engulfed in freezing vapours.
You block the orc warrior's attack.
The ogre hits you with a +0 giant club!!
The gnoll completely misses you.
The red devil hits you from afar with a +0 trident.
Barbed spikes become lodged in your body.
You puncture the ogre!
You kill the ogre!
Qazlal accepts your kill.
The gnoll is no longer moving quickly.
The orc warrior is engulfed in freezing vapours.
You kill the orc warrior!
Qazlal accepts your kill.
The ogre hits you with a +0 giant club!!
You die...

## .. . g########
oO......#
'#K54.....
#gO5o....
#@K°.o.o#
#h################
#.)...h.)..)))....
#.......#)).)#....
#.......#....#....
#########')''#####
................
~~≈~~~~....~~≈~~
~≈≈≈≈≈~....~≈≈≈~


You could see a kobold demonologist, a red devil (summoned), a kobold brigand, 2
ogres, a hound, an orc priest, an orc wizard, 2 gnolls, 2 white imps and 2 orcs.

Vanquished Creatures
  Pikel (D:4)
  A cyclops (D:7)
  Grinder (D:4)
  Sigmund (D:5)
  Eustachio (D:4)
  A water moccasin (D:7)
  Duvessa (D:4)
  An ice beast (D:7)
  5 orc warriors (D:7)
  4 ogres
  2 centaurs
  A phantom (D:5)
  A lemure (D:4)
  A kobold brigand (D:7)
  Blork the orc (D:5)
  2 bullfrogs
  2 gnoll sergeants (D:7)
  A scorpion (D:5)
  4 wights (D:7)
  Dowan (D:4)
  3 howler monkeys
  A crimson imp (D:6)
  4 hounds
  2 human zombies (Ossuary)
  2 jellies (D:4)
  5 orc priests
  A gnoll bouda (D:7)
  4 iguanas
  Jessica (D:2)
  6 orc wizards
  6 mummies
  Robin (D:2)
  20 gnolls
  7 adders
  A shadow imp (D:6)
  2 white imps (D:6)
  3 ufetubi
  A worm (D:3)
  2 dart slugs
  20 orcs
  4 bats
  9 endoplasms
  5 giant cockroaches
  16 goblins
  9 hobgoblins
  2 jackals (D:2)
  4 kobolds
  2 quokkas
  6 ball pythons
  4 frilled lizards
  A goblin zombie (Ossuary)
  3 kobold zombies (Ossuary)
  2 orc zombies (Ossuary)
  6 rats
198 creatures vanquished.

Notes
Turn   | Place    | Note
-------+----------+-------------------------------------------
     0 | D:1      | innerfire43 the Demonspawn Monk began the quest for the
                  | Orb.
     0 | D:1      | Reached XP level 1. HP: 18/18 MP: 1/1
   183 | D:1      | Identified a scroll of acquirement
   183 | D:1      | Acquired the +8 Vampire's Tooth {megavamp}
   183 | D:1      | Found the +8 Vampire's Tooth {megavamp}
   213 | D:1      | Gained mutation: A meltable shield of frost defends you.
                  | (SH +4) [demonic ancestry]
   213 | D:1      | Reached XP level 2. HP: 24/24 MP: 2/2
   250 | D:1      | Reached skill level 1 in Short Blades
   662 | D:2      | Noticed Jessica
   664 | D:2      | Killed Jessica
   665 | D:2      | Gained mutation: You are partially covered in molten
                  | scales. (AC +2) [demonic ancestry]
   665 | D:2      | Reached XP level 3. HP: 29/29 MP: 3/3
   805 | D:2      | Reached skill level 2 in Short Blades
   816 | D:2      | Reached XP level 4. HP: 32/36 MP: 4/4
   952 | D:2      | Noticed Robin
   981 | D:2      | Killed Robin
  1271 | D:3      | Gained mutation: A meltable icy envelope protects you from
                  | harm. (AC +4) [demonic ancestry]
  1271 | D:3      | Reached XP level 5. HP: 35/42 MP: 5/5
  1315 | D:3      | Reached skill level 3 in Short Blades
  1751 | D:4      | Noticed Grinder
  1755 | D:4      | Noticed a centaur
  1757 | D:4      | Killed Grinder
  1758 | D:4      | Reached skill level 4 in Short Blades
  1758 | D:4      | Gained mutation: You have large cloven feet. [demonic
                  | ancestry]
  1758 | D:4      | Reached XP level 6. HP: 26/48 MP: 6/6
  1822 | D:4      | Found a sand-covered staircase.
  1827 | D:4      | Reached XP level 7. HP: 54/54 MP: 7/7
  1830 | Ossuary  | Entered an ossuary
  2036 | D:4      | Found a stormy altar of Qazlal.
  2126 | D:4      | Became a worshipper of Qazlal Stormbringer
  2126 | D:4      | Reached * piety under Qazlal
  2126 | D:4      | Reached ** piety under Qazlal
  2154 | D:4      | Found a staircase to the Ecumenical Temple.
  2212 | D:4      | Noticed Eustachio
  2213 | D:4      | Noticed Pikel
  2224 | D:4      | Killed Pikel
  2225 | D:4      | Reached skill level 5 in Short Blades
  2225 | D:4      | Gained mutation: You regenerate magic rapidly. [demonic
                  | ancestry]
  2225 | D:4      | Reached XP level 8. HP: 46/60 MP: 8/8
  2229 | D:4      | Killed Eustachio
  2230 | D:4      | Reached skill level 5 in Dodging
  2311 | D:4      | Noticed Dowan
  2314 | D:4      | Reached skill level 6 in Short Blades
  2321 | D:4      | Killed Dowan
  2321 | D:4      | Noticed Duvessa
  2331 | D:4      | Killed Duvessa
  2332 | D:4      | Reached skill level 5 in Armour
  2503 | D:4      | Found a hazy altar of Hepliaklqana.
  2625 | D:5      | Entered Level 5 of the Dungeon
  2752 | D:5      | Noticed Sigmund
  2763 | D:5      | Killed Sigmund
  2764 | D:5      | Reached XP level 9. HP: 65/65 MP: 9/9
  2977 | D:5      | Identified the +5 spear of Immorality {flame, *Noise rF++
                  | Int+4}
  3189 | D:5      | Noticed Blork the orc
  3192 | D:5      | Killed Blork the orc
  3192 | D:5      | Reached *** piety under Qazlal
  3193 | D:5      | Reached skill level 7 in Short Blades
  3343 | D:6      | Found a shadowy altar of Dithmenos.
  3401 | D:6      | Reached skill level 1 in Invocations
  3764 | D:6      | Found a burning altar of Makhleb.
  3765 | D:6      | Found a shimmering altar of Xom.
  4159 | D:7      | Reached skill level 5 in Fighting
  4171 | D:7      | Noticed a cyclops
  4179 | D:7      | Killed a cyclops
  4180 | D:7      | Reached **** piety under Qazlal
  4185 | D:7      | Reached skill level 5 in Invocations
  4337 | D:7      | Reached XP level 10. HP: 70/73 MP: 12/14
  4444 | D:7      | Mangled by an ogre

Illustrated notes

Levels and vault maps discovered:
D:1:      roderic_crop_circles_arrival_large, layout_basic
D:2:      layout_basic, minmay_distorted, uniq_robin, uniq_jessica
D:3:      layout_basic, minivault_24, minmay_box_of_dots
D:4:      layout_rooms, nicolae_qazlal_eye_of_the_storm,
          mainiacjoe_overflow_chevrons, minmay_temple_entry_statues_fountains,
          gup_ossuary_entry_pyramid, nicolae_elevator_lobby_asterisk,
          uniq_grinder, uniq_eustachio, uniq_pikel, uniq_duvessa
D:5:      layout_cave_pods, uniq_blork_the_orc, uniq_sigmund
D:6:      layout_gridville, grunt_temple_overflow_champion_of_chaos,
          mainiacjoe_overflow_large_starburst, nicolae_kite_square_tiling_tiny,
          minmay_statues_item, grunt_decor_fettered
D:7:      lemuel_castle_with_subvaults [lemuel_castle_interior_carwin_3],
          layout_loops_ring, minmay_splitting_lines, uniq_crazy_yiuf_cottage

Skill      XL: |  1  2  3  4  5  6  7  8  9 10 |
---------------+-------------------------------+-----
Short Blades   | 1 2 4 5 6 7 |  7.6
Dodging        | 3 4 5 6 |  6.4
Fighting       | 4 5 6 |  6.2
Armour         | 2 4 5 6 |  6.8
Invocations    | 5 |  5.9
Polearms       | |  2.8

Action                     |  1- 3 |  4- 6 |  7- 9 | 10-12 || total
---------------------------+-------+-------+-------+-------++-------
  Melee: Spear             |    12 |       |       |       ||    12
         Quick blade       |    51 |   123 |   357 |    67 ||   598
         Kick              |       |     4 |   147 |    27 ||   178
    Use: Scroll            |     1 |       |       |       ||     1
 Armour: Robe              |     5 |    26 |    38 |     5 ||    74
  Dodge: Dodged            |    14 |    39 |   119 |    34 ||   206
  Block: Orb               |     1 |    14 |    49 |    14 ||    78

Table legend: (Time is in decaauts)
 A = Elapsed time spent in this place.
 B = Non-inter-level travel time spent in this place.
 C = Inter-level travel time spent in this place.
 D = Time resting spent in this place.
 E = Time spent auto-exploring this place.
 F = Levels seen in this place.
 G = Mean time per level.
                   A        B        C        D        E       F      G
               +--------+--------+--------+--------+--------+-----+--------+
         Total |   4420 |   4095 |    325 |      0 |   3147 |   8 |  552.5 |
       Dungeon |   4234 |   3909 |    325 |      0 |   3062 |   7 |  604.9 |
       Ossuary |    186 |    186 |      0 |      0 |     85 |   1 |  186.0 |
               +--------+--------+--------+--------+--------+-----+--------+

Top non-repeatable levels by time:
     D:6: 750 daAuts
     D:5: 686 daAuts
     D:4: 681 daAuts
     D:1: 664 daAuts
     D:3: 575 daAuts
     D:2: 518 daAuts
     D:7: 357 daAuts
 Ossuary: 186 daAuts
